 Dungeon Crawl Stone Soup version 0.31.0-12-g77e489cdc1 (webtiles) character file.

Game seed: 2587842887467647508

1227 Peloso the Slasher (level 8, -2/62 (70) HPs)
             Began as a Minotaur Fighter on Feb 22, 2024.
             Slain by a gnoll
             ... wielding a +0 halberd
              (9 damage)
             ... on level 6 of the Dungeon.
             The game lasted 00:09:58 (5652 turns).

Peloso the Slasher (Minotaur Fighter)               Turns: 5652, Time: 00:09:59

HP:   -2/62 (70)    AC: 10    Str: 21    XL:     8   Next: 23%
MP:   7/7           EV:  9    Int:  5    God:
Gold: 241           SH:  5    Dex: 12    Spells: 7/7 levels left

rFire   . . .        a - +0 long sword
rCold   . . .        d - +0 buckler
rNeg    . . .        c - +0 chain mail
rPois   .            (helmet restricted)
rElec   .            (no cloak)
rCorr   .            (no gloves)
SInv    .            (no boots)
Will    .....        (no amulet) Stlth
                     (no ring)
HPRegen 0.30/turn    (no ring)
MPRegen 0.10/turn

%: no passive effects
@: heavily drained
A: horns 2, retaliatory headbutt
a: no special abilities


You were on level 6 of the Dungeon.
You visited 2 branches of the dungeon, and saw 7 of its levels.

You collected 345 gold pieces.
You spent 104 gold pieces at shops.

Inventory:

Hand Weapons
 a - a +0 long sword (weapon)
Armour
 b - a +0 scale mail
 c - a +0 chain mail (worn)
 d - a +0 buckler (worn)
Wands
 g - a wand of flame (5)
Scrolls
 e - a scroll of amnesia {unknown}
 f - a scroll of immolation
 h - 4 scrolls of identify
 i - a scroll of blinking
 j - a scroll of noise {unknown}
 k - a scroll of vulnerability {unknown}
 m - a scroll of teleportation
Potions
 l - a potion of cancellation
 o - a potion of brilliance {unknown}
 p - a potion of mutation
 q - 3 potions of might
 r - 2 potions of resistance {unknown}


   Skills:
 + Level 6.1 Fighting
 + Level 7.3 Long Blades
 + Level 7.3 Armour
 + Level 2.3 Dodging
 + Level 0.7 Stealth
 + Level 5.4 Shields


You had 7 spell levels left.
You didn't know any spells.
Your spell library contained the following spells:

 Spells                   Type           Power      Damage    Failure   Level
 Slow                     Hex            0%         N/A       98%         1
 Blink                    Tloc           0%         N/A       99%         2
 Jinxbite                 Hex            0%         N/A       99%         2
 Lesser Beckoning         Tloc           0%         N/A       99%         2
 Momentum Strike          Conj/Tloc      0%         3d8       99%         2
 Confusing Touch          Hex            0%         N/A       100%        3
 Sigil of Binding         Hex            0%         N/A       100%        3
 Vampiric Draining        Necr           0%         2d6       100%        3
 Yara's Violent Unravell  Hex/Alch       0%         3d3       100%        5
 Enfeeble                 Hex            0%         N/A       100%        7


Dungeon Overview and Level Annotations

Branches:
Dungeon (6/15)             Temple (1/1) D:4

Altars:
Ashenzari
Cheibriados
Dithmenos
Elyvilon
Fedhas
Gozag
Kikubaaqudgha
Makhleb
Nemelex Xobeh
Qazlal
Uskayaw
Wu Jian
Yredelemnul
Zin
The Shining One

Shops:
D:5 *[*[(


Innate Abilities, Weirdness & Mutations

You have a pair of horns on your head.
You reflexively headbutt those who attack you in melee.


Message History

You slash the gnoll!
You kill the gnoll!
The gnoll barely misses you. x2; You furiously retaliate!
You headbutt the gnoll. The gnoll barely misses you.
Unknown command.
You hit the gnoll. Your headbutt misses the gnoll.
The gnoll is almost dead.
You block the gnoll's attack.
Unknown command.
You completely miss the gnoll. Your headbutt misses the gnoll.
The gnoll is almost dead.
The gnoll closely misses you. You furiously retaliate!
You headbutt the gnoll!
You kill the gnoll!
The gnoll barely misses you.
Unknown command.
You closely miss the gnoll. You headbutt the gnoll.
The gnoll is lightly wounded.
You block the gnoll's attack. The gnoll closely misses you.
Unknown command.
You hit the gnoll.
The gnoll is lightly wounded.
You block the gnoll's attack. x2
Unknown command.
You hit the gnoll but do no damage.
The gnoll is lightly wounded.
The gnoll hits you but does no damage. You block the gnoll's attack.
Unknown command.
You hit the gnoll. Your headbutt misses the gnoll.
The gnoll is heavily wounded.
The gnoll hits you but does no damage. The gnoll barely misses you.
You hit the gnoll.
The gnoll is almost dead.
The gnoll hits you with a +0 whip.
* * * LOW HITPOINT WARNING * * *
The gnoll hits you from afar with a +0 halberd!
* * * LOW HITPOINT WARNING * * *
You hit the gnoll.
You kill the gnoll!
The gnoll hits you from afar with a +0 halberd!
You die...

#.........#
#####...#.....#
..............## #
...............# ..#
......(.)#.....####..##
......#..##....#......#
(.....#..###.....##.#.#
.<....#..#
###......#.##
[.....#..# ###@##....#
.....##..# #)......###
.....##..# ###g.......
.....)#..## ##.......
..........# .......
..........# .......
.....)....# >......
..........# #######
.....#....#


You could see a gnoll.

Vanquished Creatures
  An ice beast (D:6)
  An orc warrior (D:5)
  A phantom (D:4)
  A scorpion (D:5)
  4 wights (D:6)
  3 hounds
  Crazy Yiuf (D:5)
  2 bombardier beetles (D:4)
  An orc priest (D:4)
  4 jellies
  A sleepcap (D:5)
  2 iguanas (D:5)
  3 orc wizards
  9 gnolls
  4 adders
  2 ufetubi (D:5)
  2 dart slugs
  2 ribbon worms (D:2)
  12 orcs
  4 bats
  6 endoplasms
  4 giant cockroaches
  6 goblins
  2 hobgoblins
  12 jackals
  6 kobolds
  3 quokkas
  5 ball pythons
  A frilled lizard (D:2)
  9 rats
114 creatures vanquished.

Notes
Turn   | Place    | Note
-------+----------+-------------------------------------------
     0 | D:1      | Peloso the Minotaur Fighter began the quest for the Orb.
     0 | D:1      | Reached XP level 1. HP: 19/19 MP: 0/0
   177 | D:1      | Reached XP level 2. HP: 27/27 MP: 1/1
   323 | D:1      | Found a faded altar of an unknown god.
   515 | D:1      | Reached XP level 3. HP: 32/33 MP: 2/2
   964 | D:2      | Found a stormy altar of Qazlal.
  1475 | D:3      | Found an opulent altar of Gozag.
  1531 | D:3      | Found a white marble altar of Elyvilon.
  1706 | D:3      | Reached XP level 4. HP: 38/40 MP: 3/3
  2123 | D:4      | Found a staircase to the Ecumenical Temple.
  2135 | D:4      | Noticed a phantom
  2388 | D:4      | Found a snail-covered altar of Cheibriados.
  2437 | D:4      | Reached XP level 5. HP: 20/47 MP: 4/4
  2596 | D:4      | Reached skill level 5 in Armour
  2741 | D:4      | Found a broken altar of Ashenzari.
  2756 | D:4      | Reached skill level 1 in Dodging
  2768 | D:4      | Killed a phantom
  2769 | D:4      | Reached XP level 6. HP: 30/53 MP: 5/5
  3171 | D:4      | Found a shadowy altar of Dithmenos.
  3247 | Temple   | Entered the Ecumenical Temple
  3260 | D:5      | Entered Level 5 of the Dungeon
  3372 | D:5      | Reached skill level 5 in Long Blades
  3374 | D:5      | Reached skill level 5 in Fighting
  3496 | D:5      | Found Haibb's General Store.
  3497 | D:5      | Noticed an orc warrior
  3529 | D:5      | Killed an orc warrior
  3530 | D:5      | Reached XP level 7. HP: 42/61 MP: 6/6
  3536 | D:5      | Bought a potion of mutation for 104 gold pieces
  3688 | D:5      | Found Cotileck's General Store.
  3857 | D:5      | Found Yrholuqu's Armour Shoppe.
  4090 | D:5      | Found a runed translucent door.
  4091 | D:5      | Noticed Crazy Yiuf
  4195 | D:5      | Found Giciero's Antique Armour Shoppe.
  4307 | D:5      | Found Imedder's Weapon Shoppe.
  4508 | D:5      | Reached skill level 5 in Shields
  4903 | D:5      | Killed Crazy Yiuf
  4907 | D:5      | Identified the +2 hammer of Neafis {drain, Int+2}
  5232 | D:6      | Reached XP level 8. HP: 59/70 MP: 7/7
  5652 | D:6      | Slain by a gnoll

Illustrated notes

Levels and vault maps discovered:
D:1:      dpeg_arrival_castle, layout_loops_ring,
          ebering_ecumenical_altar_abandoned
D:2:      layout_loops_ring, basic_altar
D:3:      layout_basic, grunt_gozag_statues, amcnicky_altar_gilded,
          nrook_mini_backslash, st_stairs_2, bh_walls_and_bars
D:4:      layout_loops_ring, mainiacjoe_overflow_six_doors_small,
          nicolae_dithmenos_through_a_glass_darkly,
          ashenzari_conservatory_becter, minmay_temple_entry_glass,
          grunt_decor_arrowhead
D:5:      layout_layer_cave, serial_shops, shop, nicolae_shop_tiny_waterfront,
          nicolae_shop_advertising_works [nicolae_subvault_shop_adworks],
          shop_fountains, nicolae_shop_crystal, uniq_crazy_yiuf_cottage
D:6:      layout_rooms, serial_shops, nicolae_shop_back_alley_shop
Temple:   hellmonk_temple_beads

Skill      XL: |  1  2  3  4  5  6  7  8 |
---------------+-------------------------+-----
Armour         | 4 5 6 7 |  7.3
Fighting       | 4 5 6 |  6.1
Long Blades    | 3 4 5 6 7 |  7.3
Shields        | 4 5 |  5.4
Dodging        | 1 2 |  2.3
Stealth        | |  0.7

Action                     |  1- 3 |  4- 6 |  7- 9 || total
---------------------------+-------+-------+-------++-------
  Melee: Long sword        |   120 |   116 |   136 ||   372
         Headbutt          |    13 |    17 |    26 ||    56
    Use: Scroll            |     3 |     4 |       ||     7
         Potion            |     1 |     1 |     2 ||     4
 Armour: Scale mail        |    95 |   102 |       ||   197
         Chain mail        |       |       |   153 ||   153
  Dodge: Dodged            |    62 |    46 |    79 ||   187
  Block: Buckler           |    33 |    31 |    43 ||   107
